 Dungeon Sprint DCSS version 0.19-a0-1049-g462a813 (webtiles) character file.

136 poirepourri the Fighter (level 5, -4/40 HPs)
             Began as a Gargoyle Fighter on July 31, 2016.
             Slain by an ice beast (14 damage)
             ... in the Dungeon (Sprint IX: "|||||||||||||||||||||||||||||").
             The game lasted 00:00:18 (72 turns).

poirepourri the Fighter (Gargoyle Fighter)            Turns: 72, Time: 00:00:19

Health: -4/40      AC: 10    Str: 21    XL:     5   Next: 19%
Magic:  5/5        EV:  8    Int:  8    God:
Gold:   0          SH:  9    Dex:  9    Spells: 0 memorised, 4 levels left

rFire  . . .     SeeInvis .     a - +0 flail
rCold  . . .     Gourm    .     b - +0 scale mail
rNeg   + . .     Faith    .     c - +0 shield
rPois  ∞         Spirit   .     (no helmet)
rElec  +         Dismiss  .     (no cloak)
rCorr  .         Reflect  .     (no gloves)
SustAt .         Harm     .     (no boots)
MR     .....     NoTele   +     (no amulet)
Stlth  ..........               (no ring)
                                (no ring)

@: not resistant to hostile enchantments, extremely unstealthy
A: negative energy resistance 1, electricity resistance, unbreathing,
petrification resistance, rot immunity, AC +4
a: no special abilities


You were in the Dungeon.
You were not hungry.

You visited 1 branch

Inventory:

Hand Weapons
 a - a +0 flail (weapon)
Armour
 b - a +0 scale mail (worn)
 c - a +0 shield (worn)
Scrolls
 k - a scroll of blinking
Potions
 d - a potion of might
 e - a potion of curing
 g - a potion of heal wounds
 h - a potion of haste
 i - 2 potions of magic
 j - a potion of berserk rage
Comestibles
 f - a bread ration


   Skills:
 + Level 8.7 Fighting
 + Level 5.3 Maces & Flails
 - Level 3.2 Armour
 + Level 3.4 Dodging
 - Level 3.2 Shields


You had 4 spell levels left.
You didn't know any spells.

Dungeon Overview and Level Annotations

Branches:
Dungeon (1/1)

Altars:


Innate Abilities, Weirdness & Mutations

You are resistant to torment.
Your stone body is resilient. (AC +4)
You are immune to poison.
You resist negative energy. (rN+)
You are resistant to electric shocks. (rElec)
You can survive without breathing.
You are immune to petrification.
You are immune to rotting.


Message History

You closely miss the ice beast.
The ice beast is heavily wounded.
The ice beast barely misses you.
You closely miss the ice beast.
The ice beast is heavily wounded.
You block the ice beast's attack.
You closely miss the ice beast.
The ice beast is heavily wounded.
You block the ice beast's attack.
You sock the ice beast!
The ice beast is severely wounded.
The ice beast hits you. The ice beast freezes you!
* * * LOW HITPOINT WARNING * * *
The ice beast hits you but does no damage.
You hit the ice beast but do no damage.
The ice beast is severely wounded.
The ice beast hits you.
* * * LOW HITPOINT WARNING * * *
The ice beast freezes you!
You die... ▓▓▓▓▓▓▓▓▓▓▓▓▓▓▓▓▓▓ ▓<...'†...@Y.....+ ▓▓▓▓▓▓▓▓▓▓▓▓▓▓▓▓▓▓

You could see an ice beast.

Vanquished Creatures
  A sky beast (D)
  An orc wizard (D)
  An adder (D)
  2 bats (D)
  A hobgoblin (D)
  A quokka (D)
  A giant newt (D)
  A kobold (D)
9 creatures vanquished.

Notes
Turn   | Place    | Note
-------+----------+-------------------------------------------
     0 | D        | poirepourri the Gargoyle Fighter began the quest for the Orb.
     0 | D        | Reached XP level 1. HP: 14/14 MP: 1/1
    11 | D        | Reached skill level 4 in Fighting
    28 | D        | Noticed a sky beast
    28 | D        | Noticed an orc wizard
    28 | D        | Noticed an ice beast
    42 | D        | Reached skill level 5 in Fighting
    42 | D        | Reached skill level 1 in Dodging
    42 | D        | Reached XP level 2. HP: 20/21 MP: 2/2
    54 | D        | Killed a sky beast
    54 | D        | Reached skill level 8 in Fighting
    54 | D        | Reached XP level 3. HP: 27/29 MP: 3/3
    54 | D        | Reached XP level 4. HP: 32/35 MP: 4/4
    59 | D        | Reached skill level 5 in Maces & Flails
    59 | D        | Reached XP level 5. HP: 38/40 MP: 5/5
    72 | D        | Slain by an ice beast

Vault maps used:
D:        linesprint

Skill      XL: |  1  2  3  4 |
---------------+-------------+-----
Fighting       | 5 8 |  8.7
Dodging        | 1 3 |  3.4
Maces & Flails | 4 5 |  5.3
Armour         | |  3.2
Shields        | |  3.2

Action                   |  1- 3 |  4- 6 || total
-------------------------+-------+-------++-------
Melee: Flail             |    44 |    18 ||    62
Armor: Scale mail        |    24 |     7 ||    31
Dodge: Dodged            |    20 |     3 ||    23
Block: Shield            |    24 |    10 ||    34
